 Dungeon Crawl Stone Soup version 0.18-a0-1551-g40744a8 (webtiles) character file.

1058 Chiseanne the Bolt Thrower (level 8, 0/103 HPs)
             Began as a Hill Orc Hunter on Mar 11, 2016.
             Was a Believer of Beogh.
             Succumbed to a worker ant's poison
             ... on level 6 of the Dungeon.
             The game lasted 00:16:14 (9472 turns).

Chiseanne the Bolt Thrower (Hill Orc Hunter)        Turns: 9472, Time: 00:16:14

Health: 0/103      AC:  5    Str: 20    XL:     8   Next: 27%
Magic:  8/8        EV:  8    Int: 12    God:    Beogh [**....]
Gold:   164        SH: 15    Dex: 12    Spells: 0 memorised, 7 levels left

rFire  + . .     SeeInvis .     a - +0 hand axe (chop)
rCold  + . .     Gourm    .     h - +1 robe {rC+}
rNeg   . . .     Faith    .     q - +0 large shield
rPois  .         Spirit   .     (no helmet)
rElec  .         Dismiss  .     (no cloak)
rCorr  .         Reflect  .     o - +0 pair of gloves
SustAt .         Harm     .     (no boots)
MR     .....                    (no amulet)
Stlth  ..........               j - +1 ring of protection
                                e - ring of protection from fire

@: berserking (expiring), lethally poisoned (0 -> -11), very quick, not
resistant to hostile enchantments, extremely unstealthy
A: no striking features
a: Smiting, Renounce Religion


You were on level 6 of the Dungeon.
You worshipped Beogh.
Beogh was pleased with you.
You were not hungry.

You visited 1 branch of the dungeon, and saw 6 of its levels.

You collected 164 gold pieces.

Inventory:

Hand Weapons
 a - a +0 hand axe of chopping (weapon)
 w - a +2 hand crossbow
 y - a +0 mace of holy wrath
Missiles
 d - 39 bolts
 n - 8 tomahawks (quivered)
 u - 67 sling bullets
 v - 8 steel sling bullets
 x - 25 poisoned needles
Armour
 h - a +1 robe of cold resistance (worn)
 o - a +0 pair of gloves (worn)
 q - a +0 large shield (worn)
Jewellery
 e - a ring of protection from fire (left hand)
 j - a +1 ring of protection (right hand)
Wands
 l - a wand of paralysis (9/24)
Scrolls
 b - a scroll of remove curse
 t - a scroll of fog
Potions
 g - a potion of brilliance {unknown}
 i - a potion of flight {unknown}
 m - a potion of berserk rage
 p - a potion of agility
 z - a potion of resistance
 A - a potion of invisibility {unknown}
 C - a potion of magic {unknown}
Books
 s - a book of Annihilations

   Spells                             Type                      Level
   a - Poison Arrow                   Conjuration/Poison           6
   b - Chain Lightning                Conjuration/Air              8
   c - Lehudib's Crystal Spear        Conjuration/Earth            8
   d - Glaciate                       Conjuration/Ice              9
   e - Fire Storm                     Conjuration/Fire             9
 B - a book of Death

   Spells                             Type                      Level
   a - Corpse Rot                     Necromancy                   2
   b - Sublimation of Blood           Necromancy                   2
   c - Agony                          Necromancy                   5
   d - Dispel Undead                  Necromancy                   5
   e - Excruciating Wounds            Charms/Necromancy            5
   f - Bolt of Draining               Conjuration/Necromancy       5
Comestibles
 f - a bread ration
 k - 3 meat rations


   Skills:
 + Level 5.5 Fighting
 * Level 4.8 Axes
 * Level 5.6 Crossbows
 - Level 2.7 Dodging
 - Level 0.7 Stealth
 * Level 5.1 Shields


You had 7 spell levels left.
You didn't know any spells.

Dungeon Overview and Level Annotations

Branches:
Dungeon (6/15)
 Temple: D:4-7

Altars:
Pakellas


Message History

You feel sick.
Drink which item? (? for menu, Esc to quit)
It was a potion of berserk rage.
A red film seems to cover your vision as you go berserk!
You feel yourself moving faster!
You feel mighty!
* * * LOW HITPOINT WARNING * * *
You feel sick.
You feel a strong urge to attack something.
* * * LOW HITPOINT WARNING * * *
You feel sick.
Things that are here:
17 gold pieces; a worker ant corpse You butcher the worker ant corpse.
You enjoyed that.
* * * LOW HITPOINT WARNING * * *
You feel sick.
Things that are here:
17 gold pieces; 2 chunks of flesh Eat one of 2 chunks of flesh? (ye/n/q/i?) This raw flesh tastes terrible.
You die...

#..##.# #<#.
##.....# #.. .
....#.###.# #.
#.#.......##
#..##.. .......
..... #.#.#.#
#..##..##.#.#.###
.......@.......<#
#.........#.#.#.#
...........>#...#
.#.###########..#
# #..# #..# #..#
#..#


There were no monsters in sight!

Vanquished Creatures
  Duvessa (D:5)
  An ogre (D:5)
  A phantom (D:5)
  A centaur (D:5)
  Dowan (D:5)
  A water moccasin skeleton (D:5)
  A crimson imp (D:5)
  A jelly (D:5)
  A centaur skeleton (D:4)
  3 orc priests
  2 giant frog skeletons (D:4)
  2 iguanas (D:4)
  A worker ant (D:6)
  A howler monkey skeleton (D:5)
  A howler monkey zombie (D:5)
  11 adders
  3 shadow imps
  An adder skeleton (D:5)
  3 worms
  A dart slug (D:3)
  9 giant geckos
  18 orcs
  5 bats
  2 giant cockroaches
  9 hobgoblins
  2 jackals (D:2)
  4 quokkas
  A ball python (D:4)
  A giant gecko skeleton (D:4)
  3 giant newts (D:1)
  10 goblins
  7 kobolds
  14 rats
123 creatures vanquished.

Vanquished Creatures (others)
  An orc wizard (D:3)
  An orc priest (D:3)
  2 orcs (D:3)
4 creatures vanquished.

Grand Total: 127 creatures vanquished

Notes
Turn   | Place    | Note
--------------------------------------------------------------
     0 | D:1      | Chiseanne the Hill Orc Hunter began the quest for the Orb.
     0 | D:1      | Reached XP level 1. HP: 18/18 MP: 1/1
   334 | D:1      | Reached XP level 2. HP: 5/25 MP: 2/2
  1214 | D:1      | Reached XP level 3. HP: 18/30 MP: 3/3
  2189 | D:2      | Found a faded altar to an unknown god.
  2719 | D:2      | Reached XP level 4. HP: 36/38 MP: 4/4
  3763 | D:3      | Reached skill level 1 in Shields
  3909 | D:3      | Reached XP level 5. HP: 2/45 MP: 5/5
  3911 | D:3      | HP: 2/45 [poisoned by an adder]
  3919 | D:3      | HP: 1/45 [poisoned by an adder]
  4409 | D:3      | Became a worshipper of Beogh the Brigand
  5588 | D:4      | Reached skill level 1 in Axes
  5588 | D:4      | Reached XP level 6. HP: 46/52 MP: 6/6
  5704 | D:4      | Reached * piety under Beogh
  6360 | D:4      | HP: 2/53 [orc priest/nerve-wracking pain (12)]
  7220 | D:5      | Entered Level 5 of the Dungeon
  7289 | D:5      | Reached XP level 7. HP: 55/60 MP: 7/7
  7337 | D:5      | Reached skill level 5 in Crossbows
  7461 | D:5      | Found an oddly glowing altar of Pakellas.
  7986 | D:5      | Reached skill level 5 in Fighting
  8637 | D:5      | HP: 1/61 [centaur/arrow (11)]
  8638 | D:5      | Reached XP level 8. HP: 1/68 MP: 8/8
  8991 | D:5      | Noticed Duvessa
  8991 | D:5      | Noticed Dowan
  8999 | D:5      | Killed Duvessa
  8999 | D:5      | Reached skill level 5 in Shields
  9018 | D:5      | Killed Dowan
  9299 | D:5      | Reached ** piety under Beogh
  9468 | D:6      | HP: 3/69 [poisoned by a worker ant]
  9471 | D:6      | HP: 1/103 [poisoned by a worker ant]
  9472 | D:6      | Succumbed to a worker ant's poison

Vault maps used:
D:1:      lightli_arrival_windingriver, solitary_fountain,
          hangedman_glass_garden, kennysheep_pointless_box,
          hangedman_decor_points, minmay_box_of_dots
D:2:      ecumenical_altar_2
D:5:      nicolae_overflow_hidden_temple, first_bread,
          corexii_item_surrounded_by_moat, hangedman_decor_peaks_small,
          uniq_duvessa
D:6:      nicolae_overflow_crystal_walls, kiku_gazebo_pond_becter,
          grunt_temple_overflow_open, minmay_temple_entry_poolview,
          fedhas_altar_4, uniq_pikel, uniq_menkaure, uniq_sigmund

Skill      XL: |  1  2  3  4  5  6  7  8 |
---------------+-------------------------+-----
Dodging        | 2 |  2.7
Fighting       | 3 4 5 |  5.5
Crossbows      | 4 5 |  5.6
Shields        | 1 2 3 4 5 |  5.1
Axes           | 1 2 4 |  4.8
Stealth        | |  0.7

Action                   |  1- 3 |  4- 6 |  7- 9 || total
-------------------------+-------+-------+-------++-------
Melee: Short sword       |   202 |   188 |       ||   390
       Hand axe          |       |   198 |   132 ||   330
 Fire: Hand crossbow     |     3 |       |    44 ||    47
Throw: Tomahawk          |       |       |     2 ||     2
Invok: Convert to Beogh  |       |     1 |       ||     1
Evoke: Wand              |       |     1 |     3 ||     4
  Use: Scroll            |     7 |     6 |     1 ||    14
       Potion            |     1 |     3 |     1 ||     5
 Stab: Sleeping          |     1 |     2 |       ||     3
       Paralysed         |       |    11 |       ||    11
  Eat: Chunk             |     6 |     8 |     4 ||    18
       Bread ration      |       |     1 |     1 ||     2
       Pizza             |       |     1 |       ||     1
